 Dungeon Crawl Stone Soup version 0.31.0-11-ge490571c62 (webtiles) character file.

Game seed: 7142217316781741010

159 qw the Skirmisher (level 5, -6/29 HPs)
             Began as a Deep Elf Hunter on Feb 4, 2024.
             Mangled by a black bear (10 damage)
             ... on level 4 of the Dungeon.
             The game lasted 00:00:09 (2314 turns).

qw the Skirmisher (Deep Elf Hunter)                 Turns: 2314, Time: 00:00:09

Health: -6/29      AC:  7    Str: 15    XL:     5   Next: 17%
Magic:  7/7        EV: 11    Int: 14    God:
Gold:   83         SH:  5    Dex: 13    Spells: 4/4 levels left

rFire   . . .        c - +4 arbalest of the Conjuring Gods {heavy, Str+5 Dex-5}
rCold   . . .        (shield currently unavailable)
rNeg    . . .        n - +0 ring mail
rPois   .            (no helmet)
rElec   .            (no cloak)
rCorr   .            (no gloves)
SInv    +            d - +1 pair of boots
Will    .....        f - amulet of reflection
Stlth   +            l - ring of see invisible
HPRegen 0.24/turn    (no ring)
MPRegen 0.10/turn

%: reflection
@: about to teleport, hasted, very quick
A: no striking features
a: no special abilities


You were on level 4 of the Dungeon.
You visited 1 branch of the dungeon, and saw 4 of its levels.

You collected 83 gold pieces.


   Skills:
 - Level 1.5 Fighting
 + Level 8.6 Ranged Weapons
 - Level 2.4 Dodging
 - Level 1.2 Stealth


You had 4 spell levels left.
You didn't know any spells.
Your spell library was empty.

Inventory:

Hand Weapons
 c - the +4 arbalest of the Conjuring Gods (weapon) {heavy, Str+5 Dex-5}
   (You acquired it on level 2 of the Dungeon)

   Str+5:     It affects your strength (+5).
   Dex-5:     It affects your dexterity (-5).
Armour
 d - a +1 pair of boots (worn)
 n - a +0 ring mail (worn)
Jewellery
 f - an amulet of reflection (around neck)
 l - a ring of see invisible (left hand)
Scrolls
 b - a scroll of teleportation
Potions
 h - a potion of enlightenment {unknown}
 i - a potion of haste
 j - a potion of curing {unknown}
 k - a potion of resistance
 m - 3 potions of heal wounds

Dungeon Overview and Level Annotations

Branches:
Dungeon (4/15)
 Temple: D:4-7

Altars:
Zin

Shops:
D:1 !


Message History

Done exploring.
2278 ||| READING scroll labelled JIAGOI BUFFIGI.
As you read the scroll labelled JIAGOI BUFFIGI, it crumbles to dust.
You assume a fearsome visage.
Nothing appears to happen.
It was a scroll of fear.
Done exploring.
2279 ||| DROPPING potion of ambrosia.
You drop a potion of ambrosia.
Done exploring.
What level of the Dungeon? (default 3, ? - help)
There is a stone staircase leading down here.
You climb downwards.
There is a stone staircase leading up here.
Waypoint 3 assigned to D:4.
There is a stone staircase leading up here.
A black bear comes into view.
The black bear growls angrily.
2308 ||| DRINKING 2 potions of haste.
You feel yourself speed up.
You shoot a bolt. The bolt closely misses the black bear.
You shoot a bolt. The bolt hits the black bear!!
The black bear is severely wounded.
The black bear goes berserk!
You shoot a bolt. The bolt barely misses the black bear.
The black bear bites you. The black bear misses you. The black bear claws you.
The black bear barely misses you. x2
The black bear claws you but does no damage.
You shoot a bolt. The bolt closely misses the black bear.
You block the black bear's attack. The black bear barely misses you. x2
The black bear completely misses you. The black bear claws you.
The black bear barely misses you. x2; The black bear misses you.
The black bear claws you but does no damage.
You shoot a bolt. The bolt closely misses the black bear.
The black bear bites you.
The black bear claws you but does no damage. x2
The black bear bites you. The black bear claws you.
The black bear closely misses you.
2314 ||| READING 2 scrolls of teleportation.
As you read the scroll of teleportation, it crumbles to dust.
You feel strangely unstable. The black bear bites you!
You die...

# . #. .. #.
...##.#####
.........###
...##.......#
.......@..#.#
......h#..#.#
######.#..#.#
#.#..#.#
#.#<.#.#
#.#.##.#
#.#....#
#.######


You could see a black bear (berserk).

Vanquished Creatures
  A bombardier beetle (D:3)
  5 adders
  4 dart slugs
  2 ribbon worms
  6 orcs (D:3)
  2 endoplasms (D:1)
  5 giant cockroaches
  5 goblins (D:1)
  6 hobgoblins
  3 jackals (D:3)
  4 kobolds
  3 quokkas
  5 ball pythons
  8 bats
  8 rats
67 creatures vanquished.

Notes
Turn   | Place    | Note
-------+----------+-------------------------------------------
     0 | D:1      | qw the Deep Elf Hunter began the quest for the Orb.
     0 | D:1      | Reached XP level 1. HP: 12/12 MP: 3/3
     0 | D:1      | 0 ||| qw: Version: 0.3-a-160-g6735b56
     0 | D:1      | 0 ||| qw: Game counter: 5449
     0 | D:1      | 0 ||| qw: Melee chars always use a shield: true
     0 | D:1      | 0 ||| qw: God list: Okawaru
     0 | D:1      | 0 ||| qw: Allow faded altars: false
     0 | D:1      | 0 ||| qw: Do Orc after clearing Dungeon:15 true
     0 | D:1      | 0 ||| qw: Do second Lair branch before Depths: true
     0 | D:1      | 0 ||| qw: Lair rune preference: random
     0 | D:1      | 0 ||| qw: Goals: Normal
     0 | D:1      | 0 ||| PLANNING D:1-11
   101 | D:1      | Found a faded altar of an unknown god.
   136 | D:1      | Reached XP level 2. HP: 16/16 MP: 4/4
   149 | D:1      | Reached skill level 6 in Ranged Weapons
   341 | D:1      | 341 ||| UPGRADING to +0 pair of boots.
   812 | D:1      | Found Poarchir's Distillery.
   815 | D:1      | 815 ||| SHOPLISTING potion of curing (33 gold, have 22).
   815 | D:1      | 815 ||| SHOPLISTING potion of heal wounds (55 gold, have
                  | 22).
   815 | D:1      | 815 ||| SHOPLISTING potion of might (44 gold, have 22).
   815 | D:1      | 815 ||| SHOPLISTING potion of mutation (88 gold, have 22).
   859 | D:1      | Reached XP level 3. HP: 20/20 MP: 5/5
  1129 | D:1      | 1129 ||| UPGRADING to amulet of reflection.
  1134 | D:1      | 1134 ||| UPGRADING to ring of see invisible.
  1135 | D:1      | 1135 ||| READING scroll labelled LIYHUUPRUTS.
  1135 | D:1      | 1135 ||| ENCHANTING +0 pair of boots.
  1136 | D:1      | 1136 ||| READING scroll labelled BEURIURGHUB.
  1141 | D:1      | 1141 ||| READING 4 scrolls labelled QYH ARAINONOZE.
  1141 | D:1      | 1141 ||| IDENTIFYING purple potion
  1142 | D:1      | 1142 ||| READING 3 scrolls of identify.
  1142 | D:1      | 1142 ||| IDENTIFYING viscous puce potion
  1143 | D:1      | 1143 ||| READING 2 scrolls of identify.
  1143 | D:1      | 1143 ||| IDENTIFYING viscous yellow potion
  1144 | D:1      | 1144 ||| READING scroll of identify.
  1144 | D:1      | 1144 ||| IDENTIFYING scroll labelled ANOSMI LAEB
  1145 | D:1      | 1145 ||| DROPPING scroll of butterflies.
  1146 | D:1      | 1146 ||| DROPPING scroll of torment.
  1181 | D:2      | 1181 ||| STAIRDANCE
  1229 | D:2      | 1229 ||| STAIRDANCE
  1239 | D:1      | Reached skill level 7 in Ranged Weapons
  1241 | D:2      | 1241 ||| STAIRDANCE
  1471 | D:2      | Reached XP level 4. HP: 25/25 MP: 6/6
  1633 | D:2      | 1633 ||| UPGRADING to +0 ring mail.
  1643 | D:2      | 1643 ||| DROPPING +0 leather armour.
  1644 | D:2      | 1644 ||| READING scroll of identify.
  1644 | D:2      | 1644 ||| IDENTIFYING amethyst potion
  1645 | D:2      | 1645 ||| READING scroll labelled LIV NIAMUNOD.
  1646 | D:2      | 1646 ||| READING scroll labelled BOYTHRO NANWEY.
  1646 | D:2      | Identified a scroll of acquirement
  1646 | D:2      | 1646 ||| ACQUIRING +4 arbalest of the Conjuring Gods
                  | {heavy, Str+5 Dex-5}
  1646 | D:2      | Acquired the +4 arbalest of the Conjuring Gods {heavy,
                  | Str+5 Dex-5}
  1648 | D:2      | 1648 ||| SWAPPING to +4 arbalest of the Conjuring Gods
                  | {heavy, Str+5 Dex-5}.
  1649 | D:2      | 1649 ||| DROPPING +0 shortbow.
  1650 | D:2      | 1650 ||| READING scroll labelled KEKHAH DEITHRUAMMU.
  1651 | D:2      | 1651 ||| DROPPING potion of lignification.
  1729 | D:3      | Found a glowing silver altar of Zin.
  1883 | D:3      | Reached skill level 8 in Ranged Weapons
  2079 | D:3      | Reached XP level 5. HP: 29/29 MP: 7/7
  2277 | D:3      | 2277 ||| READING scroll of identify.
  2277 | D:3      | 2277 ||| IDENTIFYING white potion
  2278 | D:3      | 2278 ||| READING scroll labelled JIAGOI BUFFIGI.
  2279 | D:3      | 2279 ||| DROPPING potion of ambrosia.
  2307 | D:4      | Noticed a black bear
  2308 | D:4      | 2308 ||| DRINKING 2 potions of haste.
  2313 | D:4      | HP: 4/29 [black bear (6)]
  2314 | D:4      | 2314 ||| READING 2 scrolls of teleportation.
  2314 | D:4      | Mangled by a black bear

Levels and vault maps discovered:
D:1:      denvon_arrival_planthouse, layout_loops_ring, serial_co_window_serial,
          co_window_of_opportunity_a, co_window_corner_a, co_window_corner_a,
          co_window_of_opportunity_a, co_window_paths_a, co_window_corner_a,
          co_window_of_opportunity_a, co_window_paths_c, co_window_paths_c,
          co_window_paths_c, co_window_4corner_b, glass_columns_b,
          glass_columns_b, glass_columns_a, serial_shops,
          nicolae_shop_behind_doors, basic_ecumenical_altar
D:2:      layout_rooms, serial_curves, eino_curves_01, eino_curves_02
D:3:      layout_basic, mainiacjoe_overflow_small_starburst
D:4:      kennysheep_kobold_camp, layout_basic,
          mainiacjoe_overflow_tiny_flanked, ebering_ghost_rock_garden

Skill      XL: |  1  2  3  4 |
---------------+-------------+-----
Ranged Weapons | 6 7 8 |  8.6
Fighting       | |  1.5
Dodging        | |  2.4
Stealth        | |  1.2

Action                     |  1- 3 |  4- 6 || total
---------------------------+-------+-------++-------
   Fire: Shortbow          |   119 |    12 ||   131
         Arbalest          |       |    53 ||    53
    Use: Scroll            |     6 |     7 ||    13
         Potion            |       |     1 ||     1
 Armour: Leather armour    |    31 |     1 ||    32
         Ring mail         |       |    31 ||    31
  Dodge: Dodged            |    30 |    30 ||    60
  Block: Other             |     8 |    11 ||    19
         Reflection        |     1 |       ||     1

Table legend:
 A = Non-vault XP
 B = Vault XP
 C = Vault XP percentage of total XP
 D = Non-vault monster count
 E = Vault monster count
 F = Vault count percentage of total count
                 A         B        C        D         E       F
            +---------+---------+-------+---------+---------+-------
      Total |     228 |       0 |   0.0 |      67 |       0 |   0.0
            +---------+---------+-------+---------+---------+-------
        D:1 |      76 |       0 |   0.0 |      28 |       0 |   0.0
        D:2 |      29 |       0 |   0.0 |      15 |       0 |   0.0
        D:3 |     123 |       0 |   0.0 |      24 |       0 |   0.0
            +---------+---------+-------+---------+---------+-------
